 Dungeon Crawl Stone Soup version 0.29-a0-557-g43b9904bd1 (webtiles) character file.

Game seed: 14195511498214637173

56 bande the Covered (level 3, -2/24 HPs)
             Began as a Gargoyle Fighter on June 8, 2022.
             Slain by Terence
             ... wielding a +0 falchion
              (6 damage)
             ... on level 1 of the Dungeon.
             The game lasted 00:01:45 (1422 turns).

bande the Covered (Gargoyle Fighter)                Turns: 1422, Time: 00:01:45

Health: -2/24      AC: 10    Str: 19    XL:     3   Next: 97%
Magic:  3/3        EV:  9    Int:  8    God:
Gold:   27         SH:  4    Dex: 11    Spells: 2/2 levels left

rFire   . . .      SeeInvis .   a - +0 war axe
rCold   . . .      Faith    .   c - +0 buckler
rNeg    + . .      Spirit   .   b - +0 scale mail
rPois   ∞          Reflect  .   (no helmet)
rElec   +          Harm     .   (no cloak)
rCorr   .          Rampage  .   (no gloves)
Will    .....                   (no boots)
Stlth   ..........              (no amulet)
HPRegen 0.08/turn               (no ring)
MPRegen 0.08/turn               (no ring)

@: no status effects
A: sickness immunity, AC +3, negative energy resistance 1, electricity
resistance, torment resistance 1, petrification resistance
a: no special abilities


You were on level 1 of the Dungeon.
You visited 1 branch of the dungeon, and saw 2 of its levels.

You collected 27 gold pieces.

Inventory:

Hand Weapons
 a - a +0 war axe (weapon)
Armour
 b - a +0 scale mail (worn)
 c - a +0 buckler (worn)
Scrolls
 f - a scroll of torment {unknown}
 g - 2 scrolls of identify {unknown}
 h - a scroll of immolation {unknown}
 k - a scroll of fog {unknown}
 l - a scroll of teleportation {unknown}
Potions
 d - a potion of might
 e - a potion of curing {unknown}
 i - a potion of mutation {unknown}
 j - 2 potions of haste {unknown}


   Skills:
 + Level 3.8 Fighting
 + Level 2.5 Axes
 + Level 3.9 Armour
 + Level 3.6 Shields


You had 2 spell levels left.
You didn't know any spells.
Your spell library was empty.

Dungeon Overview and Level Annotations

Branches:
Dungeon (2/15)

Altars:

Annotations:
D:1 Terence
D:2 1 runed translucent door, Crazy Yiuf


Innate Abilities, Weirdness & Mutations

You are immune to sickness and miasma.
Your stone body is resilient. (AC +3)
You are immune to poison.
You resist negative energy. (rN+)
You are resistant to electric shocks. (rElec)
You are resistant to unholy torment.
You are immune to petrification.


Message History

You hit the gnoll.
You kill the gnoll!
You barely miss the gnoll. The gnoll hits you but does no damage.
You block the gnoll's attack.
You closely miss the gnoll.
The gnoll is lightly wounded.
The gnoll closely misses you. The gnoll barely misses you.
Terence zaps a wand.
The puff of flame hits you but does no damage.
The gnoll closely misses you. The gnoll hits you but does no damage.
You slash the gnoll!
The gnoll is severely wounded.
The gnoll hits you with a +0 spear. You block the gnoll's attack.
You are too injured to fight recklessly!
You are too injured to fight recklessly!
You are too injured to fight recklessly!
Unknown command.
The gnoll attacks as you move away! The gnoll hits you with a +0 spear.
You block Terence's attack. The gnoll hits you but does no damage.
There is a stone staircase leading up here.
Terence barely misses you. You block the gnoll's attack. x2
You climb upwards.
There is a stone staircase leading down here.
You see here a rat skeleton.
You slash Terence!
Terence is heavily wounded.
Terence barely misses you. Terence hits you but does no damage.
You hit Terence but do no damage.
Terence is moderately wounded.
Terence misses you.
You hit Terence.
Terence is severely wounded.
Terence barely misses you. Terence hits you but does no damage.
You closely miss Terence.
Terence is severely wounded.
Terence hits you with a +0 falchion.
* * * LOW HITPOINT WARNING * * *
You closely miss Terence.
Terence is severely wounded.
Terence hits you with a +0 falchion.
You die...

#.........####.#####...######
#.........# #.##..÷.........
#.........# #......##.######
#####.#.#.#######...##..# #
#.#.....# #...###.#####
#.###.#.######### #....##
########.# #.#.......# ####.##
#........###.#######.########...
#.#####......†@@)...............
#.# #.####.############>.##...
#.#####.# #.# ##.##.#. #..>....#
#.# #.##.#. #####..## #.#
#..#.#. #..#####.# #######.....
#.....##.# ##.........##
##.##..#.#######..#######.##
#.##............## #..#


You could see Terence.

Vanquished Creatures
  2 gnolls
  A dart slug (D:1)
  An endoplasm (D:1)
  3 goblins (D:1)
  4 hobgoblins (D:1)
  6 jackals
  3 kobolds
  5 ball pythons
  2 bats
  2 frilled lizards
  4 rats
33 creatures vanquished.

Notes
Turn   | Place    | Note
-------+----------+-------------------------------------------
     0 | D:1      | bande the Gargoyle Fighter began the quest for the Orb.
     0 | D:1      | Reached XP level 1. HP: 14/14 MP: 1/1
    53 | D:1      | Reached XP level 2. HP: 15/19 MP: 2/2
   994 | D:2      | Reached XP level 3. HP: 24/24 MP: 3/3
  1049 | D:2      | Found a runed translucent door.
  1050 | D:2      | Noticed Crazy Yiuf
  1128 | D:2      | Noticed Terence
  1422 | D:1      | Slain by Terence

Illustrated notes

Levels and vault maps discovered:
D:1:      ncdulo_halloftheorcs, layout_rooms, minmay_3d_cube
D:2:      layout_basic, minmay_tripent, uniq_terence, uniq_sigmund,
          uniq_crazy_yiuf_cottage

Skill      XL: |  1  2 |
---------------+-------+-----
Axes           | 2 |  2.5
Fighting       | |  3.8
Armour         | |  3.9
Shields        | |  3.6

Action                   || total
-------------------------++-------
Melee: War axe           ||   101
Armor: Scale mail        ||    85
Dodge: Dodged            ||    84
Block: Buckler           ||    32

Table legend: (Time is in decaauts)
 A = Elapsed time spent in this place.
 B = Non-inter-level travel time spent in this place.
 C = Inter-level travel time spent in this place.
 D = Time resting spent in this place.
 E = Time spent auto-exploring this place.
 F = Levels seen in this place.
 G = Mean time per level.
                   A        B        C        D        E       F      G
               +--------+--------+--------+--------+--------+-----+--------+
         Total |   1469 |   1469 |      0 |    241 |    924 |   2 |  734.5 |
       Dungeon |   1469 |   1469 |      0 |    241 |    924 |   2 |  734.5 |
               +--------+--------+--------+--------+--------+-----+--------+

Top non-repeatable levels by time:
     D:1: 1298 daAuts
     D:2: 170 daAuts
